 Dungeon Crawl Stone Soup version 0.26.1-11-gd32895ea62 (webtiles) character file.

Game seed: 17323236947694507161

18 infcreate the Sneak (level 2, 0/16 HPs)
             Began as a Vampire Enchanter on July 10, 2021.
             Slain by a worker ant (3 damage)
             ... on level 4 of the Dungeon.
             The game lasted 00:04:05 (1138 turns).

infcreate the Sneak (Vampire Enchanter)             Turns: 1138, Time: 00:04:05

Health: 0/16       AC:  2    Str:  7    XL:     2   Next: 51%
Magic:  3/5        EV: 13    Int: 17    God:
Gold:   47         SH:  0    Dex: 14    Spells: 2/5 levels left

rFire    . . .     SeeInvis +   a - +1 dagger
rCold    + + .     Faith    .   (no shield)
rNeg     + + +     Spirit   .   b - +0 robe
rPois    ∞         Reflect  .   (no helmet)
rElec    .         Harm     .   (no cloak)
rCorr    .         Rampage  .   (no gloves)
Will     .....                  (no boots)
Stlth    +++++.....             (no amulet)
HPRegen  0.00/turn              (no ring)
MPRegen  0.09/turn              (no ring)

@: bloodless
A: fangs 3, see invisible, unbreathing
a: Revivify


You were on level 4 of the Dungeon.
You visited 1 branch of the dungeon, and saw 3 of its levels.

You collected 47 gold pieces.


Innate Abilities, Weirdness & Mutations

You do not regenerate when monsters are visible.
You are frail without blood (-20% HP).
You can heal yourself when you bite living creatures.
You are immune to poison.
You have razor-sharp teeth.
You have supernaturally acute eyesight. (SInv)
You can survive without breathing.


   Skills:
 + Level 0.5 Fighting
 * Level 1.6 Short Blades
 + Level 2.3 Dodging
 * Level 4.9 Stealth
 + Level 2.1 Spellcasting
 + Level 4.5 Hexes


You had 2 spell levels left.
You knew the following spells:

 Your Spells              Type           Power        Failure   Level
c - Corona                Hex            18%          3%          1
e - Ensorcelled Hibernat  Hex/Ice        18%          12%         2

Your spell library contained the following spells:

 Spells                   Type           Power        Failure   Level
 Confusing Touch          Hex            17%          9%          3
 Tukima's Dance           Hex            17%          9%          3
 Dazzling Flash           Conj/Hex       18%          22%         3

Inventory:

Hand Weapons
 a - a +1 dagger (weapon)
Armour
 b - a +0 robe (worn)
Jewellery
 c - a +6 ring of dexterity {unknown}
 g - an uncursed ring of poison resistance {unknown}
Scrolls
 d - 2 scrolls of teleportation {unknown}
 e - 4 scrolls of identify {unknown}
Potions
 f - a potion of lignification {unknown}
 h - a potion of cancellation {unknown}
 i - a potion of flight {unknown}

Dungeon Overview and Level Annotations

Branches:
Dungeon (2/15)

Altars:

Annotations:
D:2 Jessica

#...# #...# ....#
.... ##
#.#.#..######...#
#.#.#..##<....#
##.#.#..##.###...#
##....#.@##.####.##
###.....#..B>......#
.......>...##.######
#......##.##.#
#........##.#
#.##.#######.# ##
#.# #.. ##


You could see a worker ant.


Message History

There is a shaft here.
There is a stone staircase leading down here.
You climb downwards.
Jessica the Apprentice Sorceress comes into view.
Found a scroll labelled CASAZE ZEUDAE and 13 gold pieces.
There is a stone staircase leading up here.
e - 4 scrolls labelled CASAZE ZEUDAE (gained 1)
There is a stone staircase leading up here.
You fall into a shaft and drop 2 floors!
The shaft crumbles and collapses.
Found a stone staircase leading down.
Found an escape hatch in the floor.
Found a stone staircase leading up.
There is an escape hatch in the floor here.
A worker ant comes into view.
There is a stone staircase leading up here.
The worker ant closely misses you. The worker ant bites you.
You hit the worker ant.
The worker ant is lightly wounded.
The worker ant bites you!
* * * LOW HITPOINT WARNING * * *
There is an escape hatch in the floor here.
Casting: Ensorcelled Hibernation (safe; 12% risk of failure)
Confirm with . or Enter, or press ? or * to list all spells.
Aiming: Ensorcelled Hibernation (safe; 12% risk of failure)
Press: ? - help, Shift-Dir - straight line, f - worker ant
Aim: a worker ant (lightly wounded, chance to affect: 50%)
The worker ant resists with some effort.
The worker ant bites you.
You die...

Action                   || total
-------------------------++-------
Melee: Dagger            ||    22
       Bite              ||     2
 Cast: Corona            ||     5
       Ensorcelled Hiber ||     7
 Abil: Exsanguinate      ||     1
 Stab: Sleeping          ||     7
Armor: Robe              ||     3
Dodge: Dodged            ||     8

Levels and vault maps discovered:
D:1:      saegor_arrival_miasma, layout_loops_ring, minmay_fountain_box,
          minmay_3d_cube
D:2:      layout_loops_ring, serial_aquarium, aquarium_bridge_straight
          [aquarium_subvault_bridge, aquarium_subvault_wall,
          aquarium_subvault_bridge, aquarium_subvault_wall],
          aquarium_window_corridor_1, aquarium_window_2, aquarium_window_1,
          aquarium_window_2, aquarium_view_2e, aquarium_view_2d,
          grunt_qazlal_clouds, uniq_jessica
D:4:      layout_loops_ring, hangedman_feature_mirror, minmay_tree_intersection

Notes
Turn   | Place    | Note
-------+----------+-------------------------------------------
     0 | D:1      | infcreate the Vampire Enchanter began the quest for the
                  | Orb.
     0 | D:1      | Reached XP level 1. HP: 13/13 MP: 3/3
   511 | D:1      | Reached XP level 2. HP: 15/15 MP: 5/5
   704 | D:2      | Learned a level 2 spell: Ensorcelled Hibernation
  1101 | D:2      | Noticed Jessica
  1121 | D:2      | You fall into a shaft and drop 2 floors!
  1138 | D:4      | Slain by a worker ant

Vanquished Creatures
  An ooze (D:1)
  A worm (D:2)
  2 leopard geckos (D:2)
  A giant cockroach (D:1)
  2 hobgoblins
  2 bats
  A frilled lizard (D:2)
  A kobold (D:1)
11 creatures vanquished.

Table legend: (Time is in decaauts)
 A = Elapsed time spent in this place.
 B = Non-inter-level travel time spent in this place.
 C = Inter-level travel time spent in this place.
 D = Time resting spent in this place.
 E = Time spent auto-exploring this place.
 F = Levels seen in this place.
 G = Mean time per level.
                   A        B        C        D        E       F      G
               +--------+--------+--------+--------+--------+-----+--------+
         Total |   1137 |   1012 |    125 |    313 |      0 |   3 |  379.0 |
       Dungeon |   1137 |   1012 |    125 |    313 |      0 |   3 |  379.0 |
               +--------+--------+--------+--------+--------+-----+--------+

Top non-repeatable levels by time:
     D:1: 739 daAuts
     D:2: 381 daAuts
     D:4: 16 daAuts

Table legend:
 A = Non-vault XP
 B = Vault XP
 C = Vault XP percentage of total XP
 D = Non-vault monster count
 E = Vault monster count
 F = Vault count percentage of total count
                 A         B        C        D         E       F
            +---------+---------+-------+---------+---------+-------
      Total |      24 |       3 |  11.1 |       9 |       2 |  18.2
            +---------+---------+-------+---------+---------+-------
        D:1 |       9 |       3 |  25.0 |       3 |       2 |  40.0
        D:2 |      15 |       0 |   0.0 |       6 |       0 |   0.0
            +---------+---------+-------+---------+---------+-------
